 Dungeon Crawl Stone Soup version 0.26.0-10-g1f06aea511 (webtiles) character file.

Game seed: 17032170464248848961

1288 raph the Conjurer (level 8, -6/42 HPs)
             Began as a Tengu Fire Elementalist on Jan 16, 2021.
             Was a Priest of Zin.
             Killed from afar by an orc (10 damage)
             ... with an iceblast
             ... on level 5 of the Dungeon on Jan 17, 2021.
             The game lasted 00:19:23 (7515 turns).

raph the Conjurer (Tengu Fire Elementalist)         Turns: 7515, Time: 00:19:23

Health: -6/42      AC:  3    Str: 15    XL:     8   Next: 55%
Magic:  14/14      EV: 16    Int: 17    God:    Zin [***...]
Gold:   213        SH:  0    Dex: 15    Spells: 1/14 levels left

rFire    . . .     SeeInvis .   a - +1 quarterstaff
rCold    + . .     Faith    .   (shield currently unavailable)
rNeg     . . .     Spirit   .   o - +1 robe {rC+}
rPois    .         Reflect  .   (helmet restricted)
rElec    .         Harm     .   (no cloak)
rCorr    .         Rampage  .   (no gloves)
Will     .....                  (boots unavailable)
Stlth    ++........             (no amulet)
HPRegen  0.14/turn              l - +6 ring of strength
MPRegen  0.14/turn              (no ring)

@: flying quickly and evasively, quick
A: beak, talons 3, able to fly
a: Stop Flying, Renounce Religion, Recite, Vitalisation, Imprison, Donate Gold


You were on level 5 of the Dungeon.
You worshipped Zin.
Zin was most pleased with you.
You visited 1 branch of the dungeon, and saw 5 of its levels.

You collected 274 gold pieces.
You donated 61 gold pieces to Zin.

Inventory:

Hand Weapons
 a - a +1 quarterstaff (weapon)
 e - a +0 short sword
Missiles
 c - 16 poisoned darts
Armour
 j - a +0 robe
 o - a +1 robe of cold resistance (worn)
Magical Staves
 b - an uncursed staff of air
Jewellery
 l - a +6 ring of strength (left hand)
Wands
 m - a wand of iceblast (11)
Scrolls
 i - 7 scrolls of remove curse
 k - a scroll of fear
 n - a scroll of enchant weapon
Potions
 d - a potion of magic
 f - 2 potions of flight {unknown}
 g - a potion of attraction {unknown}
 h - 2 potions of lignification
 p - a potion of heal wounds {unknown}


   Skills:
 - Level 0.5 Fighting
 - Level 3.0 Dodging
 - Level 2.6 Stealth
 - Level 3.5 Spellcasting
 * Level 7.9 Conjurations
 * Level 7.3 Fire Magic
 * Level 2.8 Invocations


You had one spell level left.
You knew the following spells:

 Your Spells              Type           Power        Failure   Level
a - Foxfire               Conj/Fire      100%         1%          1
b - Conjure Flame         Conj/Fire      28%          2%          3
c - Sticky Flame          Conj/Fire      28%          8%          4
d - Fireball              Conj/Fire      14%          21%         5

Your spell library contained the following spells:

 Spells                   Type           Power        Failure   Level
 Inner Flame              Hex/Fire       15%          11%         3


Dungeon Overview and Level Annotations

Branches:
Dungeon (5/15)
 Temple: D:4-7

Altars:
Dithmenos
Zin

Shops:
D:2 *


Innate Abilities, Weirdness & Mutations

You have a beak for a mouth.
You have claws for feet.
You can fly continuously.


Message History

The centaur burns!
The foxfire hits the bullfrog zombie.
The bullfrog zombie is almost destroyed.
The foxfire hits the bullfrog zombie!
You destroy the bullfrog zombie!
Zin accepts your kill.
The centaur hits you with a cursed +0 shortbow.
* * * LOW HITPOINT WARNING * * *
It was a potion of magic.
Magic courses through your body.
The centaur burns!
A scorpion comes into view.
The centaur misses you.
The centaur shoots an arrow.
The arrow completely misses you.
Okay, then.
As you read the scroll of fear, it crumbles to dust.
You assume a fearsome visage.
The scorpion looks frightened!
The centaur looks frightened!
The centaur burns!
You kill the centaur!
An orc comes into view.
It is wielding a +6 falchion and carrying a wand of iceblast (5).
The orc zaps a wand.
The mass of ice explodes!
The iceblast engulfs you! You partially resist.
You die...

######################
#..........>..........
#.#########.##########
#.# #.# #.##### #.#
#.....# #.# #####.#
#.# #.# #.#
#######@#####.##
#.....[.).......
#.#.##.......... #
##...####.. . #§(...#
#§§§..§o# ##
#§§§§.§§§§ ..
..§.....§§ ###
#.§§§.§§§§(. #..


You could see an orc.

Vanquished Creatures
  Grinder (D:4)
  A sky beast (D:5)
  2 ogres (D:4)
  A centaur (D:5)
  A wyvern zombie (D:5)
  A scorpion (D:5)
  A howler monkey (D:4)
  A bullfrog zombie (D:5)
  2 orc priests
  A centaur skeleton (D:4)
  5 orc wizards
  3 worker ants (D:4)
  10 gnolls
  7 adders
  2 oozes
  An adder zombie (D:5)
  3 worms
  7 dart slugs
  A leopard gecko (D:2)
  17 orcs
  3 giant cockroaches
  8 hobgoblins
  11 jackals
  3 quokkas
  A ball python (D:3)
  8 bats
  8 frilled lizards
  6 goblins
  6 kobolds
  A leopard gecko zombie (D:5)
  6 rats
129 creatures vanquished.

Vanquished Creatures (others)
  442 foxfires
442 creatures vanquished.

Grand Total: 571 creatures vanquished

Notes
Turn   | Place    | Note
-------+----------+-------------------------------------------
     0 | D:1      | raph the Tengu Fire Elementalist began the quest for the
                  | Orb.
     0 | D:1      | Reached XP level 1. HP: 10/10 MP: 4/4
   417 | D:1      | Reached XP level 2. HP: 15/15 MP: 4/6
   972 | D:1      | Reached XP level 3. HP: 19/19 MP: 5/7
  1111 | D:1      | Learned a level 3 spell: Conjure Flame
  1807 | D:2      | Reached XP level 4. HP: 24/24 MP: 4/8
  2149 | D:2      | Found Zin's Purification Station.
  2149 | D:2      | Found a glowing silver altar of Zin.
  2158 | D:2      | Became a worshipper of Zin the Law-Giver
  2341 | D:2      | Learned a level 4 spell: Sticky Flame
  2703 | D:2      | Gained mutation: You can fly continuously. [Tengu growth]
  2703 | D:2      | Reached XP level 5. HP: 28/28 MP: 7/10
  2727 | D:2      | Donated 34 gold pieces to Zin
  3077 | D:2      | Reached * piety under Zin
  4054 | D:3      | Reached skill level 1 in Invocations
  4845 | D:4      | Reached XP level 6. HP: 32/33 MP: 4/11
  5047 | D:4      | Reached ** piety under Zin
  5192 | D:4      | Reached skill level 5 in Fire Magic
  5238 | D:4      | Reached XP level 7. HP: 37/37 MP: 6/13
  5247 | D:4      | Learned a level 5 spell: Fireball
  5291 | D:4      | Noticed Grinder
  5292 | D:4      | Paralysed by Grinder for 6 turns
  5308 | D:4      | HP: 1/37 [Grinder/nerve-wracking pain (7)]
  5312 | D:4      | Killed Grinder
  5313 | D:4      | Reached skill level 5 in Conjurations
  6836 | D:5      | Entered Level 5 of the Dungeon
  6856 | D:5      | Reached XP level 8. HP: 42/42 MP: 8/14
  6969 | D:5      | Reached *** piety under Zin
  7493 | D:5      | Found a shadowy altar of Dithmenos.
  7515 | D:5      | Killed from afar by an orc

Illustrated notes

Levels and vault maps discovered:
D:1:      wander_arrival_lonely_grave, layout_basic
D:2:      layout_loops_cross, zin_purify
D:3:      layout_loops_ring
D:4:      layout_gridville, uniq_grinder
D:5:      layout_basic, nicolae_dithmenos_the_darkroom

Skill      XL: |  1  2  3  4  5  6  7  8 |
---------------+-------------------------+-----
Conjurations   | 2 3 4 6 7 |  7.9
Fire Magic     | 4 5 6 7 |  7.3
Invocations    | 1 2 |  2.8
Dodging        | 3 |  3.0
Spellcasting   | 3 |  3.5
Fighting       | |  0.5
Stealth        | |  2.6

Action                   |  1- 3 |  4- 6 |  7- 9 || total
-------------------------+-------+-------+-------++-------
Melee: Short sword       |    14 |       |       ||    14
       Peck              |     5 |     3 |     2 ||    10
       Quarterstaff      |       |    22 |     7 ||    29
       Kick              |       |     3 |     3 ||     6
 Cast: Foxfire           |    52 |   118 |    99 ||   269
       Conjure Flame     |       |     2 |     1 ||     3
       Sticky Flame      |       |       |     1 ||     1
Invok: Recite            |       |     4 |     3 ||     7
       Donate Gold       |       |     1 |       ||     1
 Abil: Fly               |       |     1 |       ||     1
  Use: Potion            |       |     1 |     3 ||     4
       Scroll            |       |     5 |     5 ||    10
 Stab: Sleeping          |     1 |     2 |     1 ||     4
Armor: Robe              |     6 |     4 |     3 ||    13
Dodge: Dodged            |    34 |    20 |    14 ||    68
